 Dungeon Crawl Stone Soup version 0.31-a0-532-g28f74ba3e5 (webtiles) character file.

Game seed: 7915793681090506347

427 NinjaNoafa the Changeling (level 7, -5/46 HPs)
             Began as a Djinni Shapeshifter on Aug 11, 2023.
             Slain by an orc
             ... wielding a +0 war axe
              (10 damage)
             ... on level 3 of the Dungeon on Aug 12, 2023.
             The game lasted 00:11:07 (3198 turns).

NinjaNoafa the Changeling (Djinni Shapeshifter)     Turns: 3198, Time: 00:11:08

Health: -5/46      AC:  3    Str: 20    XL:     7   Next: 18%
Gold:   227        EV: 12    Int: 12    God:
                   SH:  0    Dex: 13

rFire   + +          .
                       - Unarmed
rCold   x . .        (shield currently unavailable)
rNeg    . . .        m - +0 leather armour
rPois   ∞            (no helmet)
rElec   .            (no cloak)
rCorr   .            (no gloves)
SInv    .            (boots unavailable)
Will    .....        (no amulet)
Stlth   +            i - +6 ring of strength
HPRegen 0.27/turn    (no ring)
MPRegen 0.00/turn

%: infuse magic (-6 HP)
@: flux-form, flying, glowing
A: glow, contaminating, flying, reduced hp, sickness immunity, fire resistance
2, cold vulnerability 1, float, innate caster, HP casting, extra vitality 1
a: Begin Untransformation


You were on level 3 of the Dungeon.
You were something dangerously unstable.
You visited 1 branch of the dungeon, and saw 4 of its levels.

You collected 227 gold pieces.

Inventory:

Missiles
 e - 6 darts of dispersal
 h - 12 poisoned darts
Armour
 m - a +0 leather armour (worn)
Jewellery
 i - a +6 ring of strength (left hand)
Talismans
 c - a beast talisman
 d - a flux talisman (active)
Wands
 r - a wand of paralysis (7)
Scrolls
 b - a scroll of identify {unknown}
 f - a scroll of noise {unknown}
 g - a scroll of butterflies {unknown}
 j - 2 scrolls of teleportation {unknown}
Potions
 a - 2 potions of mutation {unknown}
 k - 2 potions of degeneration {unknown}
 l - 3 potions of enlightenment
 n - a potion of resistance {unknown}
 o - a potion of heal wounds


   Skills:
 - Level 3.1 Fighting
 - Level 2.1 Dodging
 - Level 3.3 Unarmed Combat
 - Level 0.2 Spellcasting
 - Level 0.2 Conjurations
 - Level 0.2 Hexes
 - Level 0.2 Summonings
 - Level 0.2 Necromancy
 - Level 0.2 Translocations
 - Level 0.2 Transmutations
 - Level 0.2 Fire Magic
 - Level 0.2 Ice Magic
 - Level 0.2 Air Magic
 - Level 0.2 Earth Magic
 - Level 0.2 Poison Magic
 + Level 5.2 Shapeshifting


You knew the following spells:

 Your Spells              Type           Power      Damage    Failure   Level
a - Sting                 Tmut/Pois      0%         1d3       34%         1
b - Passwall              Tmut/Erth      0%         N/A       45%         2
c - Poisonous Vapours     Pois/Air       0%         N/A       45%         2
Your spell library was empty.

Dungeon Overview and Level Annotations

Branches:
Dungeon (4/15) Zot: 20815
 Temple: D:4-7

Altars:


Innate Abilities, Weirdness & Mutations

You are something dangerously unstable.
You glow with magical radiation, making you easy to see and hit.
Foes you strike become dangerously contaminated with magical radiation.
You are flying.
Your maximum health is decreased, since you lack skill for your form.
You are incapable of wielding weapons or throwing items.
You are immune to sickness and miasma.
You are immune to poison.
Your flesh is very heat resistant. (rF++)
You are vulnerable to cold. (rC-)
You float through the air rather than walking.
You learn spells naturally, not from books.
Your magical power is your life essence.
You have superior vitality. (+4 MHP)


Message History

You hit the sleepcap but do no damage.
The sleepcap shudders as magic cascades through it!
The sleepcap twists and deforms.
The sleepcap releases spores at you.
You take 2 damage, and have 27/45 hp.
You hit the sleepcap.
The sleepcap begins to glow.
The sleepcap releases spores at you but does no damage.
You hit the sleepcap.
The sleepcap glows dangerously bright.
The sleepcap closely misses you.
You completely miss the sleepcap. The sleepcap releases spores at you.
You take 1 damage, and have 27/45 hp.
You hit the sleepcap.
The sleepcap shudders as magic cascades through it.
The sleepcap twists and deforms.
The sleepcap barely misses you.
You hit the sleepcap.
The sleepcap begins to glow.
The sleepcap barely misses you.
You hit the sleepcap.
You destroy the sleepcap!
The hobgoblin closely misses you. The orc warrior barely misses you.
The orc barely misses you. The hobgoblin attacks as you move away!
The hobgoblin hits you. The orc attacks as you move away!
The orc hits you with a +0 dagger.
You take 1 damage, and have 27/46 hp.
You hit the hobgoblin.
The hobgoblin begins to glow.
The hobgoblin hits you.
You take 1 damage, and have 26/46 hp.
You hit the hobgoblin.
The hobgoblin glows dangerously bright.
The hobgoblin barely misses you.
You barely miss the hobgoblin. The hobgoblin closely misses you.
You hit the hobgoblin.
You kill the hobgoblin!
You closely miss the orc warrior.
The orc warrior hits you with a +0 long sword.
* * * LOW HITPOINT WARNING * * *
You take 5 damage, and have 22/46 hp.
You hit the orc warrior but do no damage.
The orc warrior begins to glow.
You hit the orc.
The orc begins to glow.
The orc warrior hits you with a +0 long sword!
* * * LOW HITPOINT WARNING * * *
The orc hits you with a +0 war axe!
You die...

###########
###.........#############
#.....#####.#.......#...#
#######.#.#.# #.#.####.##.#.#
###.......#.#.# #.#.##......#.#
.........##...# #.#.#...#.#.#.#
.##.........[.#####.#.....#...#.#
.......#.####.#oB.#.......)...#.#
))..#..#....#[#o#.#####.#.#.....#
)...........>..o...#........#####
##)....####...#.....[#.......#.#
#.###.# #.........<.....#....#
#.....# ##..#..#.#......#....#
####### ##..####....#...#.).## #
#...........#.......# ###
#....#.##....#......#


You could see an orc warrior (contam) and 2 orcs.

Vanquished Creatures
  An ogre (D:4)
  A scorpion (D:4)
  An orc priest (D:3)
  A sleepcap (D:3)
  An iguana (D:3)
  Ijyb (D:3)
  Natasha (thrice) (D:3)
  2 adders
  3 worms (D:2)
  A dart slug (D:3)
  4 orcs (D:3)
  4 ball pythons
  6 endoplasms (D:1)
  3 giant cockroaches
  3 goblins
  7 hobgoblins
  3 quokkas
  9 bats
  3 frilled lizards (D:3)
  8 kobolds
  9 rats
74 creatures vanquished.

Notes
Turn   | Place    | Note
-------+----------+-------------------------------------------
     0 | D:1      | NinjaNoafa the Djinni Shapeshifter began the quest for the
                  | Orb.
     0 | D:1      | Reached XP level 1. HP: 17/17 MP: 0/0
   162 | D:1      | Reached skill level 3 in Shapeshifting
   175 | D:1      | Reached XP level 2. HP: 19/22 MP: 0/0
   370 | D:1      | Reached XP level 3. HP: 15/27 MP: 0/0
   370 | D:1      | Learned a level 1 spell: Sting
  1317 | D:2      | Reached XP level 4. HP: 18/32 MP: 0/0
  1912 | D:3      | Upgraded the game from 0.31-a0-523-g071a6c1ffa to
                  | 0.31-a0-532-g28f74ba3e5
  2115 | D:3      | Noticed Ijyb
  2132 | D:3      | Killed Ijyb
  2133 | D:3      | Reached XP level 5. HP: 30/38 MP: 0/0
  2133 | D:3      | Learned a level 2 spell: Passwall
  2199 | D:3      | Reached skill level 4 in Shapeshifting
  2303 | D:3      | Noticed Natasha
  2319 | D:3      | Killed Natasha
  2515 | D:3      | Noticed Natasha
  2530 | D:3      | Killed Natasha
  2531 | D:3      | Reached XP level 6. HP: 8/45 MP: 0/0
  2650 | D:3      | Noticed Natasha
  2690 | D:3      | Killed Natasha
  2921 | D:4      | Noticed an ogre
  2935 | D:4      | Killed an ogre
  2936 | D:4      | Reached skill level 5 in Shapeshifting
  2936 | D:4      | Reached XP level 7. HP: 45/50 MP: 0/0
  2936 | D:4      | Learned a level 2 spell: Poisonous Vapours
  3198 | D:3      | Slain by an orc

Illustrated notes

Levels and vault maps discovered:
D:1:      lightli_arrival_windingriver, layout_loops_cross, nrook_mini_vaults
D:2:      kb_forest_paths, layout_loops_ring
D:3:      layout_basic, amcnicky_altar_gilded, minmay_unequal, uniq_ijyb,
          uniq_natasha
D:4:      layout_cave_pools, kiku_gazebo_pond_becter, serial_shops,
          nicolae_shop_bloodbath_and_beyond, uniq_blork_the_orc

Skill      XL: |  1  2  3  4  5  6 |
---------------+-------------------+-----
Shapeshifting  | 3 4 5 |  5.2
Fighting       | 2 3 |  3.1
Dodging        | |  2.1
Unarmed Combat | |  3.3
Spellcasting   | |  0.2
Conjurations   | |  0.2
Hexes          | |  0.2
Summonings     | |  0.2
Necromancy     | |  0.2
Translocations | |  0.2
Transmutations | |  0.2
Fire Magic     | |  0.2
Ice Magic      | |  0.2
Air Magic      | |  0.2
Earth Magic    | |  0.2
Poison Magic   | |  0.2

Action                     |  1- 3 |  4- 6 |  7- 9 || total
---------------------------+-------+-------+-------++-------
  Melee: Unarmed           |   133 |   141 |    31 ||   305
         Punch             |     2 |       |       ||     2
  Evoke: Wand              |       |     1 |       ||     1
    Use: Potion            |       |     3 |       ||     3
   Stab: Sleeping          |     2 |       |       ||     2
         Paralysed         |       |     3 |       ||     3
 Armour: Animal skin       |    13 |       |       ||    13
         Leather armour    |     5 |    10 |     5 ||    20
         Chain mail        |       |    35 |       ||    35
         Ring mail         |       |     2 |       ||     2
         Skin              |       |    19 |       ||    19
  Dodge: Dodged            |   105 |    71 |    37 ||   213
   Form: Beast             |     6 |       |       ||     6
         Flux              |     6 |       |       ||     6
                           |     1 |       |       ||     1

Table legend: (Time is in decaauts)
 A = Elapsed time spent in this place.
 B = Non-inter-level travel time spent in this place.
 C = Inter-level travel time spent in this place.
 D = Time resting spent in this place.
 E = Time spent auto-exploring this place.
 F = Levels seen in this place.
 G = Mean time per level.
                   A        B        C        D        E       F      G
               +--------+--------+--------+--------+--------+-----+--------+
         Total |   3183 |   2952 |    231 |    536 |   1625 |   4 |  795.8 |
       Dungeon |   3183 |   2952 |    231 |    536 |   1625 |   4 |  795.8 |
               +--------+--------+--------+--------+--------+-----+--------+

Top non-repeatable levels by time:
     D:3: 1311 daAuts
     D:1: 936 daAuts
     D:2: 854 daAuts
     D:4: 82 daAuts
